 Dungeon Crawl Stone Soup version 0.30-a0-476-g330ca2eb8e (webtiles) character file.

Game seed: 6041755870862941337

36 funkygono the Slasher (level 3, -3/27 HPs)
             Began as a Demonspawn Gladiator on Dec 21, 2022.
             Slain by Sigmund
             ... wielding a +0 scythe
              (4 damage)
             ... on level 2 of the Dungeon.
             The game lasted 00:01:18 (1259 turns).

funkygono the Slasher (Demonspawn Gladiator)        Turns: 1259, Time: 00:01:19

Health: -3/27      AC:  5    Str: 16    XL:     3   Next: 19%
Magic:  3/3        EV: 12    Int:  9    God:
Gold:   52         SH:  0    Dex: 14    Spells: 2/2 levels left

rFire   . . .      SeeInvis .    a - +0 long sword
rCold   . . .      Faith    .    (no shield)
rNeg    . . .      Spirit   .    b - +0 leather armour
rPois   .          Reflect  .    (helmet restricted)
rElec   .          Harm     .    (no cloak)
rCorr   .          Rampage  .    (no gloves)
Will    .....                    (no boots)
Stlth   +.........               (no amulet)
HPRegen 0.24/turn                (no ring)
MPRegen 0.08/turn                (no ring)

@: no status effects
A: horns 1, icy blue scales 1
a: no special abilities


You were on level 2 of the Dungeon.
You visited 1 branch of the dungeon, and saw 2 of its levels.

You collected 52 gold pieces.

Inventory:

Hand Weapons
 a - a +0 long sword (weapon)
Missiles
 d - 3 throwing nets (quivered)
 e - a javelin
Armour
 b - a +0 leather armour (worn)
Scrolls
 c - a scroll of identify {unknown}
 f - 3 scrolls of teleportation {unknown}
 h - 2 scrolls of fear {unknown}
 k - a scroll of enchant weapon {unknown}
 l - a scroll of fog {unknown}
Potions
 g - a potion of ambrosia {unknown}
 i - a potion of resistance {unknown}
 j - 2 potions of berserk rage {unknown}
 m - a potion of magic {unknown}


   Skills:
 + Level 2.2 Fighting
 + Level 3.2 Long Blades
 + Level 1.9 Throwing
 + Level 0.6 Armour
 + Level 3.0 Dodging


You had 2 spell levels left.
You didn't know any spells.
Your spell library contained the following spells:

 Spells                   Type           Power      Damage    Failure   Level
 Apportation              Tloc           0%         N/A       45%         1
 Necrotise                Necr           0%         1d4       45%         1
 Summon Small Mammal      Summ           0%         N/A       45%         1


Dungeon Overview and Level Annotations

Branches:
Dungeon (2/15)

Altars:

Annotations:
D:2 Sigmund


Innate Abilities, Weirdness & Mutations

You have a pair of small horns on your head.
You are partially covered in icy blue scales. (AC +2)


Message History

The adder hisses angrily.
You miss the adder. The adder closely misses you.
You barely miss the adder. You headbutt the adder.
The adder is moderately wounded.
The adder misses you. The adder bites you.
You slash the adder!
You kill the adder!
Your Dodging skill increases to level 3!
You have reached level 3!
Your experience leads to an increase in your attributes!
Increase (S)trength, (I)ntelligence, or (D)exterity?
You feel stronger. x2; Your demonic ancestry asserts itself...
Icy blue scales grow over part of your body.
Unknown command.
Unknown command.
HP restored.
Sigmund shouts!
Sigmund mumbles some strange words.
Sigmund flickers and vanishes!
Deactivating autopickup; reactivate with Ctrl-A.
A magic dart appears from out of thin air!
The magic dart hits you. Something hits you but does no damage.
You hit something but do no damage. Your headbutt misses something.
You miss something. Your headbutt misses something. Something hits you.
You slash something! You headbutt something. Something barely misses you.
You barely miss something.
You hear some strange, mumbled words.
Something tries to affect you, but you resist.
You miss something. Your headbutt misses something. Something hits you.
You miss something. You headbutt something.
You hear some strange, mumbled words.
A magic dart appears from out of thin air!
The magic dart hits you.
You barely miss something. Your headbutt misses something. Something hits you!
* * * LOW HITPOINT WARNING * * *
You miss something. Something hits you.
* * * LOW HITPOINT WARNING * * *
You miss something. Something hits you.
You die...

## ######
###########...#
.....####.......@{....#
.#........#########...#
...#.#...## ###.###
..##......# #(....#
####.#...## ##...@.#
#.##.## #..J...# #.##.#
#...<..# .. ..##.#
#......# #######+#
#.######


There were no monsters in sight!

Vanquished Creatures
  An adder (D:2)
  A dart slug (D:1)
  2 bats (D:1)
  An endoplasm (D:1)
  A goblin (D:1)
  5 hobgoblins (D:1)
  A kobold (D:1)
  3 quokkas (D:1)
  2 ball pythons (D:1)
  2 frilled lizards (D:1)
  4 rats (D:1)
23 creatures vanquished.

Notes
Turn   | Place    | Note
-------+----------+-------------------------------------------
     0 | D:1      | funkygono the Demonspawn Gladiator began the quest for the
                  | Orb.
     0 | D:1      | Reached XP level 1. HP: 16/16 MP: 1/1
   108 | D:1      | Gained mutation: You have a pair of small horns on your
                  | head. [demonic ancestry]
   108 | D:1      | Reached XP level 2. HP: 13/22 MP: 2/2
  1075 | D:1      | Found a faded altar of an unknown god.
  1114 | D:2      | Noticed Sigmund
  1144 | D:2      | Identified the +3 spear of Breach {pain, rN+ MP+9 Stlth+}
  1202 | D:2      | Gained mutation: You are partially covered in icy blue
                  | scales. (AC +2) [demonic ancestry]
  1202 | D:2      | Reached XP level 3. HP: 25/27 MP: 3/3
  1257 | D:2      | HP: 1/27 [something (11)]
  1259 | D:2      | Slain by Sigmund

Illustrated notes

Levels and vault maps discovered:
D:1:      ncdulo_lavacross, layout_basic, shapermc_ecumenical_altar_hornbeckon,
          kennysheep_pointless_box
D:2:      layout_loops_corners, basic_altar, minmay_misc_feat_ornament,
          uniq_sigmund

Skill      XL: |  1  2 |
---------------+-------+-----
Long Blades    | 3 |  3.2
Dodging        | 3 |  3.0
Fighting       | |  2.2
Throwing       | |  1.9
Armour         | |  0.6

Action                   || total
-------------------------++-------
Melee: Long sword        ||    80
       Punch             ||     1
       Headbutt          ||     8
 Stab: Sleeping          ||     1
Armor: Leather armour    ||    28
Dodge: Dodged            ||    42

Table legend: (Time is in decaauts)
 A = Elapsed time spent in this place.
 B = Non-inter-level travel time spent in this place.
 C = Inter-level travel time spent in this place.
 D = Time resting spent in this place.
 E = Time spent auto-exploring this place.
 F = Levels seen in this place.
 G = Mean time per level.
                   A        B        C        D        E       F      G
               +--------+--------+--------+--------+--------+-----+--------+
         Total |   1284 |   1248 |     36 |      0 |   1023 |   2 |  642.0 |
       Dungeon |   1284 |   1248 |     36 |      0 |   1023 |   2 |  642.0 |
               +--------+--------+--------+--------+--------+-----+--------+

Top non-repeatable levels by time:
     D:1: 1157 daAuts
     D:2: 127 daAuts
